 Dungeon Crawl Stone Soup version 0.29.1-14-g9c671dbff4 (webtiles) character file.

Game seed: 11631948718233884659

100 growler the Insei (level 4, -2/35 HPs)
             Began as a Draconian Transmuter on Feb 18, 2023.
             Slain by Sigmund
             ... wielding a +2 scythe of protection
              (4 damage)
             ... on level 2 of the Dungeon.
             The game lasted 00:04:22 (1938 turns).

growler the Insei (Draconian Transmuter)            Turns: 1938, Time: 00:04:23

Health: -2/35      AC: 10    Str: 12    XL:     4   Next: 46%
Magic:  3/7        EV: 12    Int: 13    God:
Gold:   92         SH:  0    Dex: 14    Spells: 1/7 levels left

rFire   . . .      SeeInvis .     - Unarmed
rCold   . . .      Faith    .   (no shield)
rNeg    . . .      Spirit   .   (body armour unavailable)
rPois   .          Reflect  .   (helmet restricted)
rElec   .          Harm     .   (no cloak)
rCorr   .          Rampage  .   (no gloves)
Will    .....                   i - +0 pair of boots
Stlth   +.........              (no amulet)
HPRegen 0.11/turn               g - +4 ring of protection
MPRegen 0.10/turn               (no ring)

@: confused, wereblooded
A: AC +5, unfitting armour, cold-blooded
a: no special abilities


You were on level 2 of the Dungeon.
You visited 1 branch of the dungeon, and saw 2 of its levels.

You collected 92 gold pieces.

Inventory:

Armour
 i - a +0 pair of boots (worn)
Jewellery
 g - a +4 ring of protection (left hand)
Scrolls
 f - a scroll of magic mapping {unknown}
 j - 2 scrolls of teleportation {unknown}
Potions
 a - a potion of lignification
 b - a potion of haste {unknown}
 c - 3 potions of curing {unknown}
 d - 3 potions of heal wounds {unknown}
 e - a potion of brilliance {unknown}
 h - a potion of mutation {unknown}


   Skills:
 - Level 1.1 Fighting
 - Level 1.7 Dodging
 + Level 5.3 Unarmed Combat
 - Level 2.0 Spellcasting
 - Level 2.0 Transmutations


You had one spell level left.
You knew the following spells:

 Your Spells              Type           Power      Damage    Failure   Level
a - Beastly Appendage     Tmut           12%        N/A       11%         1
b - Wereblood             Tmut           6%         N/A       17%         2
c - Spider Form           Tmut/Pois      3%         N/A       45%         3

Your spell library contained the following spells:

 Spells                   Type           Power      Damage    Failure   Level
 Ice Form                 Ice/Tmut       3%         N/A       86%         4


Dungeon Overview and Level Annotations

Branches:
Dungeon (2/15)

Altars:

Shops:
D:1 (

Annotations:
D:2 Sigmund


Innate Abilities, Weirdness & Mutations

Your plain brown scales are hard. (AC +5)
You cannot fit into any form of body armour.
You are cold-blooded and may be slowed by cold attacks.


Message History

Your primal bloodlust is almost over.
You start resting.
Magic restored.
Casting: Wereblood (safe; 17% risk of failure)
Confirm with . or Enter, or press ? or * to list all spells.
Your blood is freshly infused with primal strength!
Casting: Wereblood (safe; 17% risk of failure)
Confirm with . or Enter, or press ? or * to list all spells.
The spell is quite dangerous to miscast (45% risk of failure)!
Continue anyway?
You turn into a venomous arachnid creature.
Your +0 pair of boots melds into your body.
You climb downwards.
Level annotation: Sigmund Your transformation is almost over.
Sigmund casts a spell at you. The magic dart hits you!
Sigmund gestures at you while chanting. The magic dart hits you!
There is a stone staircase leading up here.
Sigmund mumbles some strange words.
Sigmund flickers and vanishes!
Deactivating autopickup; reactivate with Ctrl-A.
Something hits you!
You barely miss something. You hit something but do no damage.
You hear some strange, mumbled words.
You are confused.
You hit something but do no damage. Something barely misses you.
You hit something. You bite something!
You hear some strange, mumbled words.
A puff of flame appears from out of thin air!
The puff of flame hits you!
* * * LOW HITPOINT WARNING * * *
You closely miss something. Something closely misses you.
You hit something.
Your transformation has ended.
Your +0 pair of boots unmelds from your body.
Something hits you.
You die...

#.....# #.####### #.....#
##########.# #.....# #..........#
#.....#########..........#
+.....'.......'..........#######
##.....#########..........#......
..........###.#...........#.#####
...######.................#.# #.#
..+#############@........##.###.#
#............){...<............>#
#....#############.###..#.#.###.#
.....# #########.....#....#.# #.#
#....# #.......#.###.##...#.# #.#
.....###.#####.#.#.......<#.###.#
......##.# #.#.#######........#
#........# #.#............###.#
#....##..# #.############## #.#


There were no monsters in sight!

Vanquished Creatures
  Robin (D:2)
  A gnoll (D:1)
  An adder (D:2)
  4 dart slugs
  5 ball pythons
  3 bats
  6 endoplasms
  A giant cockroach (D:1)
  14 goblins
  7 hobgoblins
  3 jackals (D:1)
  3 kobolds
  2 quokkas (D:1)
  A frilled lizard (D:1)
  3 rats
55 creatures vanquished.

Notes
Turn   | Place    | Note
-------+----------+-------------------------------------------
     0 | D:1      | growler the Draconian Transmuter began the quest for the
                  | Orb.
     0 | D:1      | Reached XP level 1. HP: 16/16 MP: 3/3
   256 | D:1      | Reached XP level 2. HP: 23/23 MP: 5/5
   291 | D:1      | Found Zoilil's Antique Weapon Boutique.
   332 | D:1      | Found a faded altar of an unknown god.
   446 | D:1      | Reached skill level 4 in Unarmed Combat
   524 | D:1      | Reached XP level 3. HP: 26/28 MP: 6/6
  1426 | D:2      | Reached XP level 4. HP: 35/35 MP: 7/7
  1456 | D:2      | Noticed Robin
  1470 | D:2      | Reached skill level 5 in Unarmed Combat
  1506 | D:2      | Killed Robin
  1669 | D:2      | Learned a level 2 spell: Wereblood
  1673 | D:2      | Learned a level 3 spell: Spider Form
  1724 | D:2      | Noticed Sigmund
  1935 | D:2      | HP: 1/35 [something/puff of flame (11)]
  1938 | D:2      | Slain by Sigmund

Illustrated notes

Levels and vault maps discovered:
D:1:      eino_arrival_druids_welcome, layout_loops_ring,
          shapermc_ecumenical_altar_venn, serial_shops, nicolae_shop_stone
D:2:      layout_basic, minmay_tripent, uniq_robin, uniq_sigmund

Skill      XL: |  1  2  3  4 |
---------------+-------------+-----
Unarmed Combat | 4 5 |  5.3
Fighting       | |  1.1
Dodging        | |  1.7
Spellcasting   | |  2.0
Transmutations | |  2.0

Action                   |  1- 3 |  4- 6 || total
-------------------------+-------+-------++-------
Melee: Unarmed           |   109 |    50 ||   159
       Tailslap          |    13 |     3 ||    16
       Punch             |     4 |       ||     4
       Headbutt          |     1 |     5 ||     6
       Kick              |       |     5 ||     5
 Cast: Beastly Appendage |     1 |     2 ||     3
       Wereblood         |       |     2 ||     2
       Spider Form       |       |     1 ||     1
 Stab: Sleeping          |     2 |       ||     2
Armor: Skin              |    38 |    20 ||    58
Dodge: Dodged            |    72 |    34 ||   106
